AoeStats
← CrazyBen

Pilgrims

508638924Analyzed
4v4 RM · 9d ago on Sep 23, 2026· 32m 27s· 8 players
Game mode
Random Map
Map size
Large (8 player)
Population
200
Speed
Normal
Resources
Standard
Victory
Conquest
Starting age
Dark Age
Ending age
Imperial Age
RankedLock teamsTeams togetherTeam positionsShared explorationLock speedFull tech treeHidden civsTurbo modeCheats
Victory
Defeat
🇭🇰 Persians · Hong Kong SAR China
1497
+16
🇹🇼 Bohemians · Taiwan
1460
+17
🇨🇳 Saxons · China
1460
+17
🇻🇳 Burgundians · Vietnam
1445
+18
1563
-19
🇫🇷 Goths · France
1500
-18
🇦🇷 Burmese · Argentina
1462
-16
🇮🇹 Varangians · Italy
1435
-15
onon02122
3:42 Loom
10:43 Feudal Age
13:52 Fishing Lines
19:15 Castle Age
菜就怪隊友
3:38 Loom
12:15 Feudal Age
13:25 Double-Bit Axe
16:47 Castle Age
17:32 Padded Archer Armor
17:44 Bow Saw
19:10 Chemistry
19:02 Leather Archer Armor
19:45 Fishing Lines
22:23 Wheelbarrow
24:43 Fletching
31:51 Town Watch
'Rhythm_' = idiot
9:43 Feudal Age
10:40 Double-Bit Axe
11:00 Loom
15:20 Castle Age
14:13 Forging
16:05 Wheelbarrow
15:50 Fletching
16:22 Bow Saw
17:12 Bodkin Arrow
23:52 Ballistics
26:56 Horse Collar
31:17 Imperial Age
29:43 Hand Cart
31:59 Caravan
dango_daikazoku
6:37 Double-Bit Axe
6:59 Fishing Lines
7:53 Loom
12:41 Wheelbarrow
14:32 Feudal Age
13:11 Stone Mining
16:02 Bow Saw
15:33 Horse Collar
15:44 Gillnets
16:33 Stone Shaft Mining
19:18 Castle Age
17:22 Heavy Plow
17:14 Gold Mining
18:30 Gold Shaft Mining
19:52 Hand Cart
21:22 Two-Man Saw
20:53 Crop Rotation
20:14 Town Watch
20:54 Scale Barding Armor
22:03 Chain Barding Armor
22:34 Forging
24:53 Scale Mail Armor
25:56 Squires
29:21 Burgundian Vineyards
29:56 Arson
30:28 Chain Mail Armor
30:49 Iron Casting
大冲车 滴滴 创死你
4:52 Loom
11:47 Feudal Age
13:21 Double-Bit Axe
16:23 Castle Age
22:15 Bow Saw
22:57 Horse Collar
27:36 Heavy Plow
28:35 Wheelbarrow
30:36 Gold Mining
33:46 Imperial Age
31:33 Hand Cart
31:03 Town Watch
31:45 Scale Mail Armor
31:55 Forging
CrazyBen
3:28 Loom
12:00 Feudal Age
12:16 Man-at-Arms
20:49 Castle Age
19:41 Scale Mail Armor
24:40 Chain Mail Armor
25:16 Pikeman
GdR_Tuna
7:27 Loom
11:36 Feudal Age
13:19 Fishing Lines
15:48 Castle Age
14:24 Gold Mining
14:44 Fletching
17:28 Bodkin Arrow
18:13 Double-Bit Axe
23:44 Ballistics
Sharkusa
6:16 Loom
11:03 Feudal Age
15:51 Castle Age
15:33 Fishing Lines
19:28 Horse Collar
28:50 Redemption
28:50 Fletching
33:23 Wheelbarrow
Connection lost

Rejoining the realm…

Still unreachable

The connection could not be restored.

Session expired

The server has moved on; the page needs a fresh start.